 Dungeon Crawl Stone Soup version 0.29-a0-521-g59ce8b2d47 (webtiles) character file.

Game seed: 15314957036217902514

149 MeArio the Skirmisher (level 5, -5/47 HPs)
             Began as a Minotaur Fighter on June 1, 2022.
             Slain by Crazy Yiuf
             ... wielding a +2 quarterstaff of chaos
              (6 damage)
             ... on level 3 of the Dungeon.
             The game lasted 00:05:37 (3369 turns).

MeArio the Skirmisher (Minotaur Fighter)            Turns: 3369, Time: 00:05:38

Health: -5/47      AC:  9    Str: 22    XL:     5   Next: 9%
Magic:  2/4        EV:  7    Int:  5    God:
Gold:   128        SH:  4    Dex: 10    Spells: 4/4 levels left

rFire   . . .      SeeInvis .   a - +0 long sword
rCold   . . .      Faith    .   c - +0 buckler
rNeg    . . .      Spirit   .   l - +0 chain mail
rPois   .          Reflect  .   (helmet restricted)
rElec   .          Harm     .   (no cloak)
rCorr   .          Rampage  .   (no gloves)
Will    .....                   (no boots)
Stlth   ..........              (no amulet)
HPRegen 0.15/turn               (no ring)
MPRegen 0.09/turn               (no ring)

@: no status effects
A: horns 2, retaliatory headbutt
a: no special abilities


You were on level 3 of the Dungeon.
You visited 1 branch of the dungeon, and saw 3 of its levels.

You collected 128 gold pieces.

Inventory:

Hand Weapons
 a - a +0 long sword (weapon)
Missiles
 r - 4 poisoned darts (quivered)
Armour
 c - a +0 buckler (worn)
 l - a +0 chain mail (worn)
Jewellery
 b - a ring of positive energy
 j - a ring of wizardry
Wands
 t - a wand of acid (8)
Scrolls
 e - 2 scrolls of teleportation {unknown}
 f - 2 scrolls of enchant weapon {unknown}
 i - 5 scrolls of identify {unknown}
 k - a scroll of torment {unknown}
 q - a scroll of fear {unknown}
 s - a scroll of brand weapon {unknown}
Potions
 d - 2 potions of might
 g - a potion of lignification {unknown}
 h - a potion of haste {unknown}
 m - 2 potions of magic {unknown}
 n - a potion of degeneration {unknown}
 o - a potion of mutation {unknown}
 p - a potion of heal wounds {unknown}
 u - a potion of flight {unknown}


   Skills:
 + Level 4.7 Fighting
 + Level 3.8 Long Blades
 + Level 4.6 Armour
 + Level 4.7 Shields


You had 4 spell levels left.
You didn't know any spells.
Your spell library contained the following spells:

 Spells                   Type           Power      Damage    Failure   Level
 Apportation              Tloc           0%         N/A       99%         1
 Beastly Appendage        Tmut           0%         N/A       99%         1
 Necrotize                Necr           0%         1d4       99%         1
 Summon Small Mammal      Summ           0%         N/A       99%         1
 Wereblood                Tmut           0%         N/A       100%        2
 Spider Form              Tmut/Pois      0%         N/A       100%        3


Dungeon Overview and Level Annotations

Branches:
Dungeon (3/15)

Altars:

Shops:
D:3 =*[

Annotations:
D:3 Crazy Yiuf


Innate Abilities, Weirdness & Mutations

You have a pair of horns on your head.
You reflexively headbutt those who attack you in melee.


Message History

You hit Crazy Yiuf but do no damage. Crazy Yiuf hits you but does no damage.
You hit Crazy Yiuf but do no damage.
Crazy Yiuf laughs, "Pitchfork foot agre!"
Crazy Yiuf hits you with a +2 quarterstaff of chaos!
You hit Crazy Yiuf. You headbutt Crazy Yiuf.
Crazy Yiuf is moderately wounded.
Crazy Yiuf hits you with a +2 quarterstaff of chaos.
Crazy Yiuf freezes you.
Crazy Yiuf hits you with a +2 quarterstaff of chaos.
You feel your power leaking away.
You barely miss Crazy Yiuf.
Crazy Yiuf is moderately wounded.
You block Crazy Yiuf's attack.
You hit Crazy Yiuf.
Crazy Yiuf is severely wounded.
Crazy Yiuf closely misses you. You furiously retaliate!
You headbutt Crazy Yiuf, but do no damage.
You barely miss Crazy Yiuf.
Crazy Yiuf is severely wounded.
Crazy Yiuf laughs, "Leather arm alas!"
Crazy Yiuf hits you with a +2 quarterstaff of chaos!
* * * LOW HITPOINT WARNING * * *
Crazy Yiuf freezes you.
* * * LOW HITPOINT WARNING * * *
You hit Crazy Yiuf.
Crazy Yiuf is almost dead.
Crazy Yiuf screams, "Liver!"
You block Crazy Yiuf's attack.
You hit Crazy Yiuf but do no damage.
Crazy Yiuf is almost dead.
Crazy Yiuf hits you with a +2 quarterstaff of chaos!
* * * LOW HITPOINT WARNING * * *
Crazy Yiuf burns you.
* * * LOW HITPOINT WARNING * * *
Crazy Yiuf completely misses you.
You hit Crazy Yiuf but do no damage.
Crazy Yiuf is almost dead.
Crazy Yiuf says, "Two disdain snail!"
Crazy Yiuf hits you with a +2 quarterstaff of chaos.
You die...

#..........)............#.#...
#.#######################.#.##
###'####### #....∩## #.........#
##### #....... #.........# #..)#
#####....... ##.........# #...#
#..###...... ...........# ...
#..# #...... ##.........# #g#
#..# #...... .....#'##### ♣♣@♣
#..# #...... .....#.# ♣.♣♣ #..#
#...... .###.#.# ♣♣.♣ #..#
#...... .....#.# ♣.♣♣ #..#
#...... #.####.# ♣♣.♣♣ #..#
#...... ...)...# ♣.P.♣♣ #..#
#...... #..######### ♣.P..♣
#..###...... ...........# #....#
#........>..
##..##########'..+###########....


You could see Crazy Yiuf.

Vanquished Creatures
  Natasha (thrice) (D:3)
  3 adders
  A worm (D:2)
  A dart slug (D:2)
  5 bats
  2 endoplasms (D:1)
  A giant cockroach (D:2)
  2 hobgoblins
  7 kobolds
  A quokka (D:3)
  5 ball pythons (D:2)
  A frilled lizard (D:1)
  9 goblins
  3 rats
44 creatures vanquished.

Vanquished Creatures (others)
  A fungus (D:3)
1 creature vanquished.

Grand Total: 45 creatures vanquished

Notes
Turn   | Place    | Note
-------+----------+-------------------------------------------
     0 | D:1      | MeArio the Minotaur Fighter began the quest for the Orb.
     0 | D:1      | Reached XP level 1. HP: 19/19 MP: 0/0
    41 | D:1      | Found a faded altar of an unknown god.
   554 | D:1      | Reached XP level 2. HP: 24/26 MP: 1/1
  1389 | D:2      | Reached XP level 3. HP: 25/33 MP: 2/2
  2464 | D:3      | Found a runed translucent door.
  2465 | D:3      | Noticed Crazy Yiuf
  2517 | D:3      | Found Zoraepra's Armour Shop.
  2539 | D:3      | Found Luwysu's Assorted Antiques.
  2572 | D:3      | Reached XP level 4. HP: 21/41 MP: 3/3
  2852 | D:3      | Noticed Natasha
  2859 | D:3      | Killed Natasha
  3100 | D:3      | Found Buhy's Jewellery Shoppe.
  3114 | D:3      | Noticed Natasha
  3123 | D:3      | Killed Natasha
  3288 | D:3      | Noticed Natasha
  3296 | D:3      | Killed Natasha
  3297 | D:3      | Reached XP level 5. HP: 40/47 MP: 4/4
  3368 | D:3      | HP: 1/47 [Crazy Yiuf/+2 quarterstaff of chaos (4)]
  3369 | D:3      | Slain by Crazy Yiuf

Illustrated notes

Levels and vault maps discovered:
D:1:      noname_arrival_rooms_in_the_neighbourhood, layout_basic,
          hellmonk_ecumenical_altar_arch_garden
D:2:      layout_loops_ring
D:3:      layout_basic, serial_shops, shop, shop, shop, uniq_natasha,
          uniq_crazy_yiuf_cottage

Skill      XL: |  1  2 |
---------------+-------+-----
Fighting       | 4 |  4.7
Long Blades    | 3 |  3.8
Armour         | 4 |  4.6
Shields        | 4 |  4.7

Action                   |  1- 3 |  4- 6 || total
-------------------------+-------+-------++-------
Melee: Long sword        |    94 |    27 ||   121
       Headbutt          |    14 |     5 ||    19
Armor: Scale mail        |     9 |       ||     9
       Chain mail        |    23 |     6 ||    29
Dodge: Dodged            |    34 |     5 ||    39
Block: Buckler           |    19 |     4 ||    23

Table legend: (Time is in decaauts)
 A = Elapsed time spent in this place.
 B = Non-inter-level travel time spent in this place.
 C = Inter-level travel time spent in this place.
 D = Time resting spent in this place.
 E = Time spent auto-exploring this place.
 F = Levels seen in this place.
 G = Mean time per level.
                   A        B        C        D        E       F      G
               +--------+--------+--------+--------+--------+-----+--------+
         Total |   3408 |   3323 |     85 |      0 |   2870 |   3 | 1136.0 |
       Dungeon |   3408 |   3323 |     85 |      0 |   2870 |   3 | 1136.0 |
               +--------+--------+--------+--------+--------+-----+--------+

Top non-repeatable levels by time:
     D:1: 1392 daAuts
     D:3: 1183 daAuts
     D:2: 832 daAuts
